Map: Ulrena

Players

ILLBdA

  • Race: Protoss Protoss
  • League: Diamond

Teka - Winner!

  • Race: Terran Terran
  • League: Diamond

VOD

Have the link to the VOD?

Description

Time

  • Played on: Dec. 30, 2015, 9:20 a.m.
  • Length: 13:56
Show
View Real Time Build Order
Export as new Build Order

ILLBdA Protoss 

Build Orders: 1 Gate Expand, Oracle Opening 

Get SALT Encoding   

  12  0:01  Probe (Chrono Boost)  
  13  0:11  Probe (Chrono Boost)  
  14  0:19  Pylon  
  14  0:24  Probe (Chrono Boost)  
  15  0:37  Probe (Chrono Boost)  
  15  0:38  Gateway  
  16  0:48  Probe (Chrono Boost)  
  17  0:58  Probe (Chrono Boost)  
  17  1:00  Assimilator  
  18  1:09  Probe (Chrono Boost)  
  19  1:24  Probe (Chrono Boost), Nexus  
  20  1:37  Cybernetics Core  
  20  1:44  Probe (Chrono Boost)  
  20  1:46  Pylon  
  21  1:54  Probe (Chrono Boost), Assimilator  
  22  2:05  Probe (Chrono Boost)  
  23  2:13  Adept (Chrono Boost), Warp Gate  
  25  2:15  Probe  
  26  2:28  Probe  
  26  2:40  Probe  
  26  2:41  Probe  
  28  2:50  Probe  
  28  2:53  Probe  
  28  2:56  Stargate  
  28  2:57  Stalker (Chrono Boost)  
  32  3:01  Probe  
  32  3:05  Probe  
  34  3:11  Probe  
  34  3:17  Probe  
  36  3:22  Probe (Chrono Boost)  
  37  3:29  Probe (Chrono Boost)  
  37  3:30  Nexus  
  37  3:33  Probe (Chrono Boost), Pylon  
  38  3:39  Oracle (Chrono Boost)  
  38  3:40  Probe (Chrono Boost)  
  43  3:43  Probe  
  43  3:45  Forge  
  44  3:52  Mothership Core  
  44  3:53  Probe  
  47  4:04  Probe  
  47  4:06  Assimilator  
  47  4:07  Assimilator  
  48  4:14  Probe  
  48  4:15  Probe  
  50  4:18  Twilight Council  
  50  4:26  Probe  
  51  4:32  Probe  
  51  4:37  Photon Cannon  
  51  4:38  Probe  
  53  4:43  Probe x2, Phoenix (Chrono Boost)  
  54  4:50  Probe  
  55  4:53  Gateway  
  55  4:54  Resonating Glaives (Chrono Boost)  
  55  4:55  Adept  
  55  4:56  Gateway  
  55  4:58  Gateway  
  55  4:59  Probe  
  57  5:00  Pylon  
  57  5:01  Gateway  
  57  5:02  Probe  
  57  5:06  Phoenix (Chrono Boost)  
  61  5:09  Probe  
  61  5:10  Probe  
  63  5:18  Probe  
  63  5:19  Probe  
  63  5:20  Photon Cannon  
  65  5:28  Phoenix  
  65  5:29  Protoss Ground Armor Level 1  
  65  5:34  Probe  
  68  5:41  Pylon  
  68  5:43  Adept  
  70  5:56  Phoenix  
  72  6:02  Stargate  
  72  6:08  Adept  
  72  6:09  Adept x3  
  78  6:21  Phoenix  
  80  6:27  Probe  
  80  6:28  Probe  
  82  6:33  Probe  
  82  6:34  Gateway  
  82  6:37  Gateway  
  82  6:39  Probe, Pylon  
  84  6:42  Assimilator  
  84  6:43  Pylon  
  84  6:44  Probe, Pylon  
  84  6:45  Assimilator  
  85  6:48  Pylon  
  85  6:50  Pylon  
  85  6:51  Nexus  
  85  6:53  Pylon x2  
  85  6:57  Phoenix x2  
  85  6:58  Adept x2  
  93  7:04  Adept x3  
  99  7:13  Probe, Fleet Beacon  
  99  7:14  Probe  
  101  7:21  Phoenix  
  103  7:27  Probe, Phoenix  
  106  7:31  Protoss Ground Armor Level 2 (Chrono Boost)  
  106  7:35  Probe  
  107  7:37  Adept x4  
  107  7:43  Pylon  
  115  7:46  Pylon  
  115  7:48  Phoenix  
  115  7:55  Adept x2  
  119  8:03  Adept x4  
  125  8:19  Adept  
  121  8:20  Adept  
  121  8:25  Adept x4  
  115  8:33  Phoenix x2  
  109  8:41  Probe x2  
  110  8:42  Probe  
  110  8:47  Gateway  
  112  8:48  Gateway  
  112  8:52  Gateway  
  112  8:55  Pylon, Anion Pulse-Crystals  
  112  8:57  Gateway, Dark Shrine  
  112  9:01  Templar Archives  
  116  9:08  Tempest x2  
  120  9:10  Adept x3  
  120  9:13  Probe  
  120  9:14  Probe  
  128  9:19  Assimilator  
  128  9:22  Assimilator  
  128  9:35  Psionic Storm  
  128  9:49  Adept x2  
  128  9:50  Adept x5  
  128  9:51  Adept  
  148  9:54  Tempest (Chrono Boost)  
  148  9:57  High Templar  
  150  10:00  Probe  
  150  10:04  Tempest (Chrono Boost)  
  155  10:10  Probe  
  155  10:14  Pylon  
  156  10:24  Adept x4  
  156  10:27  Stargate  
  164  10:30  Stargate  
  164  10:32  Pylon x2  
  164  10:36  Pylon  
  164  10:37  Pylon  
  164  10:40  Carrier  
  170  10:44  Probe  
  170  10:48  Pylon  
  171  10:51  High Templar x2  
  171  10:54  Tempest  
  179  11:08  Robotics Facility  
  179  11:15  Tempest  
  179  11:17  Adept x3  
  179  11:18  Adept  
  191  11:24  Pylon  
  191  11:26  Pylon  
  191  11:27  Pylon  
  191  11:32  Pylon  
  191  11:36  Tempest  
  191  11:38  Probe x3  
  198  11:42  Probe  
  198  11:45  Pylon  
  199  11:48  Pylon  
  197  11:56  Observer  
  197  12:00  Robotics Bay  
  198  12:01  Robotics Facility  
  198  12:03  Pylon  
  198  12:11  Graviton Catapult  
  198  12:27  Pylon  
  198  12:37  Pylon  
  198  12:40  Pylon x2  
  198  12:41  Pylon  
  192  12:53  Adept x5  
  192  12:54  Adept x4  
  192  12:55  Adept  
  175  13:03  Adept  
  153  13:07  Tempest x3 (Chrono Boost)  
  119  13:21  High Templar x4  
  119  13:22  Adept x2  
  115  13:41  Archon  
  111  13:46  Archon  
  105  13:50  Adept x3  
  105  13:51  Adept x4  
Show
View Real Time Build Order
Export as new Build Order

Teka Terran - Winner!

Build Orders: Reaper Expand, Bio Tank, MMM Bio 

Get SALT Encoding   

  12  0:01  SCV  
  13  0:13  SCV  
  14  0:17  Supply Depot  
  14  0:25  SCV  
  15  0:39  SCV  
  15  0:42  Barracks  
  16  0:47  Refinery  
  16  0:51  SCV  
  17  1:03  SCV  
  18  1:20  SCV  
  19  1:30  Supply Depot  
  19  1:33  Reaper  
  19  1:34  Orbital Command  
  20  1:59  Command Center  
  20  2:01  SCV  
  21  2:11  Barracks Reactor  
  21  2:17  SCV  
  21  2:20  Bunker  
  22  2:45  SCV  
  22  2:48  Factory  
  22  2:49  Marine x2  
  24  2:57  SCV  
  25  2:59  Refinery  
  25  3:07  Engineering Bay, Marine x2  
  25  3:12  Orbital Command  
  27  3:13  SCV  
  28  3:26  SCV, Marine x2  
  31  3:32  Starport  
  31  3:35  Missile Turret  
  31  3:37  Missile Turret  
  31  3:38  SCV  
  31  3:39  SCV  
  31  3:40  Factory Tech Lab  
  33  3:50  SCV, Marine x2  
  36  3:58  SCV  
  36  4:01  Cyclone  
  40  4:03  SCV  
  40  4:09  Viking  
  43  4:10  SCV  
  43  4:11  Marine x2  
  43  4:16  Supply Depot  
  46  4:18  Supply Depot  
  46  4:29  SCV  
  46  4:30  SCV  
  45  4:39  Liberator  
  45  4:41  SCV, Marine x2  
  48  4:47  Siege Tank  
  48  4:50  SCV  
  52  4:55  Supply Depot  
  52  4:59  SCV  
  56  5:06  SCV, Refinery, Barracks x2  
  57  5:07  Reaper  
  57  5:08  Refinery  
  59  5:14  SCV  
  59  5:15  Supply Depot  
  59  5:17  Supply Depot  
  59  5:18  SCV  
  60  5:26  SCV  
  61  5:30  SCV  
  61  5:33  Siege Tank  
  65  5:38  SCV  
  65  5:42  Marine x2  
  68  5:43  SCV  
  69  5:50  SCV  
  70  5:59  Barracks Tech Lab  
  70  6:00  Barracks Tech Lab  
  70  6:02  Starport Reactor  
  70  6:03  SCV  
  71  6:04  SCV  
  71  6:05  Marine x2  
  71  6:06  Siege Tank  
  71  6:09  Terran Infantry Weapons Level 1, Supply Depot  
  71  6:10  Supply Depot  
  77  6:15  SCV  
  74  6:27  SCV  
  74  6:29  Stimpack, Marine x2  
  74  6:32  Marauder x2  
  81  6:34  SCV  
  81  6:39  Missile Turret  
  82  6:42  Missile Turret, Medivac x2  
  82  6:45  SCV  
  82  6:47  SCV, Marine  
  88  6:53  Supply Depot  
  89  6:59  SCV x2  
  91  7:03  Marine  
  91  7:04  Marauder  
  94  7:10  Siege Tank, Marine x2  
  94  7:11  SCV  
  94  7:12  SCV  
  94  7:14  Medivac  
  103  7:16  Medivac  
  103  7:21  Supply Depot  
  105  7:23  SCV  
  105  7:24  Marauder  
  108  7:46  Marauder, Marine x3  
  108  7:50  Command Center  
  113  8:04  Marine x3  
  116  8:08  Marauder  
  116  8:22  Marine x2  
  116  8:23  Marauder  
  116  8:25  Liberator x2  
  100  8:29  Marine  
  75  8:40  Marine x2  
  71  8:43  Siege Tank  
  71  8:44  Marauder  
  71  8:45  SCV  
  71  8:47  Marauder  
  85  8:50  Combat Shields  
  85  8:51  Concussive Shells  
  85  8:52  SCV  
  86  8:56  Terran Infantry Armor Level 1, Barracks  
  86  8:57  Barracks, Marine  
  86  8:58  Armory  
  86  9:00  Engineering Bay  
  86  9:02  SCV  
  88  9:03  Orbital Command  
  88  9:05  Marauder  
  90  9:11  SCV  
  90  9:13  Marauder  
  90  9:14  SCV  
  94  9:17  Siege Tank  
  94  9:23  SCV  
  98  9:27  Marauder  
  100  9:33  Marine x2  
  100  9:35  Missile Turret, Marauder  
  100  9:37  SCV x2  
  106  9:39  Refinery x2  
  106  9:40  SCV  
  106  9:43  Missile Turret  
  106  9:44  Barracks Tech Lab x2  
  106  9:45  Missile Turret  
  107  9:46  Terran Infantry Weapons Level 2  
  107  9:48  Marine  
  107  9:49  SCV, Medivac  
  107  9:52  Medivac  
  113  9:53  SCV  
  113  9:54  SCV  
  113  9:56  Marine  
  116  10:05  Marine  
  117  10:12  Siege Tank  
  117  10:13  Marauder x2, Marine x2  
  128  10:14  SCV, Marauder  
  129  10:24  Marauder  
  129  10:25  Medivac x2  
  129  10:26  Missile Turret x2  
  135  10:30  SCV  
  135  10:31  Marine  
  135  10:34  Marauder  
  139  10:37  Marauder  
  141  10:43  Barracks  
  141  10:44  Barracks  
  141  10:45  Command Center  
  141  10:49  Marine  
  141  10:50  Supply Depot x2, SCV, Barracks, Marauder  
  147  10:57  Marauder x2, Marine x2  
  147  11:04  Siege Tank  
  156  11:12  Viking x2  
  156  11:13  Marine x2  
  156  11:15  Marine x2  
  156  11:18  SCV  
  163  11:25  Barracks  
  163  11:26  Barracks  
  163  11:37  Starport  
  163  11:50  Viking  
  165  11:55  Viking  
  165  11:58  Missile Turret  
  167  12:04  SCV  
  167  12:05  Orbital Command  
  167  12:06  SCV  
  167  12:07  SCV, Factory Reactor  
  170  12:09  Marine x3  
  170  12:10  Marine  
  174  12:16  Barracks Reactor x3, Missile Turret  
  174  12:17  SCV  
  175  12:32  Viking x2  
  175  12:33  Viking  
  175  12:35  SCV  
  175  12:36  Command Center  
  177  12:57  Marine  
  177  12:58  Marauder x2  
  146  13:09  Marine  
  146  13:10  Marine x8  
  146  13:11  Marauder  
  146  13:19  Marine x3  
  140  13:20  Marauder  
  140  13:24  Viking x3  
  149  13:27  Marine x2  
  149  13:33  Marauder  
Tags
 
Add a new tag
Caveats
  • Supply blocks, unpowered buildings, or Contaminate may cause inaccurate times.
  • Supply counts are checked every 10 seconds.